 Dungeon Crawl Stone Soup version 0.29.1-15-g9cfb28693d (webtiles) character file.

Game seed: 4246461010247002217

1278 EarthwalkerPL the Shield-Bearer (level 8, -4/79 HPs)
             Began as a Troll Fighter on Apr 23, 2023.
             Killed by divine providence
             ... invoked by an orc priest
              (14 damage)
             ... on level 6 of the Dungeon.
             The game lasted 00:06:58 (4064 turns).

EarthwalkerPL the Shield-Bearer (Troll Fighter)     Turns: 4064, Time: 00:06:59

Health: -4/79      AC:  4    Str: 25    XL:     8   Next: 29%
Magic:  7/7        EV:  9    Int:  4    God:
Gold:   335        SH:  8    Dex: 11    Spells: 7/7 levels left

rFire   . . .      SeeInvis .     - Unarmed
rCold   + . .      Faith    .   b - +0 kite shield
rNeg    . . .      Spirit   .   a - +0 robe
rPois   .          Reflect  .   (helmet restricted)
rElec   .          Harm     .   (no cloak)
rCorr   +          Rampage  .   (gloves unavailable)
Will    .....                   (boots unavailable)
Stlth   +.........              (no amulet)
HPRegen 1.03/turn               h - ring of protection from cold
MPRegen 0.10/turn               y - ring of resist corrosion

@: no status effects
A: large, unfitting armour, claws 3, regeneration 1, shaggy fur 1, tough skin 1
a: no special abilities


You were on level 6 of the Dungeon.
You visited 1 branch of the dungeon, and saw 6 of its levels.

You collected 335 gold pieces.

Inventory:

Hand Weapons
 s - the +7 sling of the Insatiable Quests {freeze, rElec Will+ Int+3}
   (You found it on level 3 of the Dungeon)

   Any ammunition fired from it freezes those it strikes, dealing additional
   cold damage.
   It can also slow down cold-blooded creatures.
   Int:       It affects your intelligence (+3).
   rElec:     It insulates you from electricity.
   Will:      It increases your willpower.
Missiles
 k - 5 atropa-tipped darts (quivered)
 x - 8 poisoned darts
 z - 2 silver javelins
Armour
 a - a +0 robe (worn)
 b - a +0 kite shield (worn)
Jewellery
 h - a ring of protection from cold (left claw)
 i - a ring of wizardry
 y - a ring of resist corrosion (right claw)
 A - a ring of wizardry
Wands
 j - a wand of polymorph (8)
 B - a wand of charming (24)
Scrolls
 d - 10 scrolls of identify {unknown}
 e - a scroll of enchant armour {unknown}
 f - 3 scrolls of immolation {unknown}
 g - 3 scrolls of vulnerability {unknown}
 l - 3 scrolls of fear {unknown}
 n - a scroll of noise {unknown}
 u - a scroll of amnesia {unknown}
 w - a scroll of poison {unknown}
 D - a scroll of acquirement {unknown}
Potions
 c - a potion of might
 m - 2 potions of haste {unknown}
 o - a potion of lignification {unknown}
 p - 2 potions of mutation {unknown}
 q - 2 potions of berserk rage {unknown}
 r - 2 potions of magic {unknown}
 t - a potion of brilliance
 v - a potion of ambrosia {unknown}
 C - a potion of invisibility {unknown}
 E - a potion of degeneration {unknown}


   Skills:
 * Level 4.4 Fighting
 + Level 2.1 Axes
 + Level 2.2 Armour
 * Level 4.5 Dodging
 * Level 5.0 Shields
 * Level 4.7 Unarmed Combat


You had 7 spell levels left.
You didn't know any spells.
Your spell library contained the following spells:

 Spells                   Type           Power      Damage    Failure   Level
 Sandblast                Erth           0%         2d4       77%         1
 Passwall                 Tmut/Erth      0%         N/A       88%         2
 Static Discharge         Conj/Air       0%         3-3/arc   88%         2
 Stone Arrow              Conj/Erth      0%         3d7       98%         3
 Corpse Rot               Necr/Pois/Air  0%         N/A       100%        4
 Dispel Undead            Necr           0%         3d6       100%        4
 Sticky Flame             Conj/Fire      0%         2d3       100%        4
 Death Channel            Necr           0%         N/A       100%        6


Dungeon Overview and Level Annotations

Branches:
Dungeon (6/15)
 Temple: D:4-7

Altars:
Cheibriados
Dithmenos
Elyvilon
Fedhas
Makhleb
Nemelex Xobeh
Qazlal
Ru
Uskayaw
Yredelemnul
Zin
The Shining One

Shops:
D:1 =   D:2 (   D:4 *


Innate Abilities, Weirdness & Mutations

You are too large for most types of armour.
You have claws for hands.
Your natural rate of healing is unusually fast.
You are covered in fur. (AC +1)
You have tough skin. (AC +1)


Message History

You are too injured to fight recklessly!
You are too injured to fight recklessly!
You are too injured to fight recklessly!
You are too injured to fight recklessly!
You scratch the orc priest.
The orc priest is almost dead.
The orc priest looks braver for a moment.
You block the orc's attack. The orc priest hits you with a +0 club.
You closely miss the orc priest.
The orc priest is almost dead.
The orc priest closely misses you. The orc barely misses you.
The orc priest barely misses you.
You scratch the orc priest but do no damage.
The orc priest is almost dead.
The orc priest closely misses you. You block the orc's attack.
The orc priest completely misses you.
You scratch the orc priest.
The orc priest is almost dead.
The orc priest invokes the aid of Beogh against you.
Beogh smites you! The orc hits you but does no damage.
The orc priest hits you but does no damage.
The orc priest hits you with a +0 flail.
* * * LOW HITPOINT WARNING * * *
The orc closely misses you.
The orc priest begins to cast a cantrip, but forgets the words!
You barely miss the orc priest.
The orc priest is almost dead.
The orc priest mumbles some strange prayers to Beogh against you.
Beogh smites you!
* * * LOW HITPOINT WARNING * * *
The orc hits you with a +0 short sword.
* * * LOW HITPOINT WARNING * * *
The orc priest calls upon Beogh to heal the orc priest.
The orc priest is healed somewhat.
You barely miss the orc priest.
The orc priest is severely wounded.
The orc priest barely misses you. The orc barely misses you.
The orc priest invokes the aid of Beogh against you.
Beogh smites you!
You die...

............##
...........# #...
#.........# #....
#.........## #.....
##.........## #......
#..........### ......#
##...........###......#
##........#...#oo....#
#....)...####..@o...#
##.#......# ##.....##
#..##....## ##....#
#.####..## ##..## .##
#### #..# ..# #.$# ..#
#... ..### ... ....#


You could see 2 orc priests and an orc.

Vanquished Creatures
  Sigmund (D:6)
  A water moccasin (D:5)
  2 ogres
  A necrophage (D:5)
  4 scorpions
  2 howler monkeys (D:5)
  4 hounds
  3 orc priests
  2 iguanas
  10 adders
  4 worms
  A dart slug (D:3)
  17 orcs
  7 bats
  13 endoplasms
  2 giant cockroaches (D:3)
  10 goblins
  7 hobgoblins
  4 jackals (D:3)
  8 kobolds
  3 quokkas
  9 ball pythons
  5 frilled lizards
  2 rats
122 creatures vanquished.

Notes
Turn   | Place    | Note
-------+----------+-------------------------------------------
     0 | D:1      | EarthwalkerPL the Troll Fighter began the quest for the
                  | Orb.
     0 | D:1      | Reached XP level 1. HP: 22/22 MP: 0/0
    45 | D:1      | Found a faded altar of an unknown god.
   155 | D:1      | Reached XP level 2. HP: 29/29 MP: 1/1
   433 | D:1      | Found Ydeuxzug's Jewellery Boutique.
   450 | D:1      | Reached skill level 3 in Shields
   636 | D:1      | Reached XP level 3. HP: 36/36 MP: 2/2
  1030 | D:2      | Found Wamabafu's Weapon Emporium.
  1068 | D:2      | Reached XP level 4. HP: 36/44 MP: 3/3
  1525 | D:3      | Found a sacrificial altar of Ru.
  1525 | D:3      | Found a basalt altar of Yredelemnul.
  1526 | D:3      | Found a snail-covered altar of Cheibriados.
  1526 | D:3      | Found a stormy altar of Qazlal.
  1526 | D:3      | Found a glowing silver altar of Zin.
  1526 | D:3      | Found a blossoming altar of Fedhas.
  1528 | D:3      | Found a shadowy altar of Dithmenos.
  1528 | D:3      | Found a glowing golden altar of the Shining One.
  1528 | D:3      | Found a white marble altar of Elyvilon.
  1672 | D:3      | Identified the +7 sling of the Insatiable Quests {freeze,
                  | rElec Will+ Int+3}
  1688 | D:3      | Reached XP level 5. HP: 44/53 MP: 4/4
  1695 | D:3      | Reached skill level 1 in Armour
  2114 | D:4      | Found a burning altar of Makhleb.
  2332 | D:4      | Reached XP level 6. HP: 61/61 MP: 5/5
  2522 | D:4      | Found Ygeebrem's Elemental Accessories.
  2641 | D:5      | Entered Level 5 of the Dungeon
  2669 | D:5      | Reached skill level 1 in Axes
  3021 | D:5      | Reached skill level 4 in Shields
  3033 | D:5      | Reached XP level 7. HP: 55/68 MP: 6/6
  3047 | D:5      | Found a hide-covered altar of Uskayaw.
  3358 | D:6      | Noticed Sigmund
  3408 | D:6      | Killed Sigmund
  3470 | D:6      | Reached XP level 8. HP: 74/78 MP: 7/7
  3723 | D:6      | Found a sparkling altar of Nemelex Xobeh.
  4054 | D:6      | Reached skill level 5 in Shields
  4064 | D:6      | Killed from afar by an orc priest

Illustrated notes

Levels and vault maps discovered:
D:1:      psy_arrival_spokes, layout_basic, serial_shops, nicolae_diamond_shop,
          chequers_ecumenical_altar_simple_redux,
          chequers_serial_rivers_large_a, minmay_misc_feat_ornament,
          corner_web_ring, hex_intersection
D:2:      layout_rooms, serial_shops, nicolae_shop_behind_doors
D:3:      layout_basic, nicolae_overflows_in_rows, palyth_stone_intersect,
          minmay_misc_feat_secret_circle
D:4:      layout_basic, pf_just_have_faith, minmay_misc_feat_columns,
          nicolae_elemental_shop
D:5:      layout_loops_ring, nicolae_uskayaw_suspiria
D:6:      layout_cave_pods, mainiacjoe_overflow_cross_hatched, uniq_sigmund

Skill      XL: |  1  2  3  4  5  6  7  8 |
---------------+-------------------------+-----
Shields        | 3 4 5 |  5.0
Fighting       | 3 4 |  4.4
Dodging        | 3 4 |  4.5
Unarmed Combat | 3 4 |  4.7
Armour         | 1 2 |  2.2
Axes           | 1 2 |  2.1

Action                   |  1- 3 |  4- 6 |  7- 9 || total
-------------------------+-------+-------+-------++-------
Melee: Unarmed           |   164 |   167 |    80 ||   411
Throw: Dart              |       |       |     1 ||     1
 Stab: Sleeping          |       |     2 |       ||     2
Armor: Robe              |    62 |    33 |    17 ||   112
Dodge: Dodged            |    84 |    48 |    40 ||   172
Block: Kite shield       |    61 |    75 |    32 ||   168
